 Dungeon Crawl Stone Soup version 0.22-a0-447-gee5f7238b3 (webtiles) character file.

45 t3hbunneh the Skirmisher (level 3, -1/30 HPs)
             Began as a Demonspawn Abyssal Knight on June 3, 2018.
             Was an Initiate of Lugonu.
             Slain by a sky beast (5 damage)
             ... on level 2 of the Dungeon.
             The game lasted 00:05:37 (1621 turns).

t3hbunneh the Skirmisher (DsAK)                     Turns: 1621, Time: 00:05:38

Health: -1/30      AC:  3    Str: 13    XL:     3   Next: 42%
Magic:  4/4        EV: 11    Int: 13    God:    Lugonu [......]
Gold:   0          SH:  0    Dex: 12    Spells: 2/2 levels left

rFire    . . .     SeeInvis .   a - +1 mace
rCold    . . .     Gourm    .   (no shield)
rNeg     . . .     Faith    .   b - +0 leather armour
rPois    .         Spirit   .   (helmet restricted)
rElec    .         Reflect  .   (no cloak)
rCorr    .         Harm     .   (no gloves)
MR       .....                  (no boots)
Stlth    +.........             (no amulet)
HPRegen  0.10/turn              (no ring)
MPRegen  0.09/turn              (no ring)

@: no status effects
A: antennae 1
a: Renounce Religion


You were on level 2 of the Dungeon.
You worshipped Lugonu.
Lugonu was noncommittal.
You were not hungry.

You visited 1 branch of the dungeon, and saw 2 of its levels.
You visited the Abyss 1 time.

Inventory:

Hand Weapons
 a - a +1 mace (weapon)
Armour
 b - a +0 leather armour (worn)
Scrolls
 d - a scroll of immolation {unknown}
 e - 3 scrolls of identify {unknown}
 f - a scroll of remove curse {unknown}
Potions
 g - a potion of agility {unknown}
Comestibles
 c - 3 rations


   Skills:
 + Level 3.7 Fighting
 + Level 2.2 Maces & Flails
 + Level 2.1 Armour
 + Level 1.0 Dodging
 + Level 0.7 Stealth
 + Level 2.5 Invocations


You had 2 spell levels left.
You didn't know any spells.
Your spell library was empty.

Dungeon Overview and Level Annotations

Branches:
Dungeon (2/15)

Altars:
Elyvilon


Innate Abilities, Weirdness & Mutations

You have a pair of small antennae on your head.


Message History

Deactivating autopickup; reactivate with Ctrl-A.
You see here a goblin corpse.
A sky beast appears from thin air!
Reactivating autopickup.
The sky beast hits you. The sky beast shocks you.
You barely miss the sky beast. The sky beast barely misses you.
You hit the sky beast.
The sky beast is lightly wounded.
The sky beast barely misses you.
You hit the sky beast but do no damage.
The sky beast is lightly wounded.
The sky beast hits you. The sky beast shocks you.
You closely miss the sky beast.
The sky beast is lightly wounded.
The sky beast hits you. The sky beast shocks you.
* * * LOW HITPOINT WARNING * * *
The sky beast hits you.
* * * LOW HITPOINT WARNING * * *
The sky beast shocks you.
You die...

#.....# #....#<....# #
#.###.## #....#####.# # #.
#..# #..........# # ##.#
#..# #...######.###
###...###.###...#......#..
#≈≈..$≈≈#..##...#.####.#.#
#≈..♣..≈##†## ..#.........
.........#..#...######.##.
..♣._.♣..@Y......(....>().
.........#..#....####..###
#≈..♣..≈###.≈###.# ##..
#≈≈..%≈≈# ......... ...
##...### ##..##.## ..#
....# ...... .. .###.
##.##.# . #....<# .r
.....##.#


You could see a sky beast.

Vanquished Creatures
  An adder (D:2)
  A worm (D:2)
  A dart slug (D:1)
  A leopard gecko (D:1)
  3 bats (D:1)
  2 giant cockroaches
  4 goblins
  A hobgoblin (D:2)
  3 jackals (D:1)
  5 kobolds (D:1)
  A ball python (D:1)
  A frilled lizard (D:2)
  4 rats
28 creatures vanquished.

Vanquished Creatures (others)
  2 quokkas (D:2)
2 creatures vanquished.

Grand Total: 30 creatures vanquished

Notes
Turn   | Place    | Note
-------+----------+-------------------------------------------
     0 | Abyss:1  | t3hbunneh the Demonspawn Abyssal Knight began the quest for the Orb.
     0 | Abyss:1  | Reached XP level 1. HP: 18/18 MP: 2/2
     0 | D:1      | Escaped the Abyss
   218 | D:1      | Gained mutation: You have a pair of small antennae on your head. [demonic ancestry]
   218 | D:1      | Reached XP level 2. HP: 15/24 MP: 3/3
  1071 | D:1      | Reached skill level 1 in Dodging
  1430 | D:2      | Reached XP level 3. HP: 13/30 MP: 4/4
  1596 | D:2      | Found a white marble altar of Elyvilon.
  1612 | D:2      | Noticed a sky beast
  1621 | D:2      | Slain by a sky beast

Vault maps used:
D:1:      lemuel_arrival_cross, glass_columns_c
D:2:      okawaru_ov_weapons_minmay, elyvilon_altar_4, first_ration,
          minmay_item_behind_shaft, minmay_misc_feat_iff, lemuel_another_geyser

Skill      XL: |  1  2 |
---------------+-------+-----
Maces & Flails | 2 |  2.2
Armour         | 2 |  2.1
Dodging        | 1 |  1.0
Fighting       | |  3.7
Stealth        | |  0.7
Invocations    | |  2.5

Action                   || total
-------------------------++-------
Melee: Mace              ||    97
Invok: Depart the Abyss  ||     1
  Use: Potion            ||     1
  Eat: Chunk             ||     2
Armor: Leather armour    ||    28
Dodge: Dodged            ||    65

Table legend:
 A = Spawn XP
 B = Non-spawn XP
 C = Spawn XP percentage of total XP
 D = Spawn monster count
 E = Non-spawn monster count
 F = Spawn count percentage of total count
 G = Total turns spent on level
                    A         B        C        D         E        F      G
               +---------+---------+-------+---------+---------+-------+---------
         Total |       0 |      65 |   0.0 |       0 |      28 |   0.0 |  1621
               +---------+---------+-------+---------+---------+-------+---------
           D:1 |       0 |      39 |   0.0 |       0 |      21 |   0.0 |  1372
           D:2 |       0 |      26 |   0.0 |       0 |       7 |   0.0 |   249
               +---------+---------+-------+---------+---------+-------+---------
